 Dungeon Crawl Stone Soup version 0.29-a0-1030-gf5f8719cae (webtiles) character file.

Game seed: 12277890995408739821

67733 27heaven the Bludgeoner (level 16, -8/222 (232) HPs)
             Began as a Meteoran Fighter on Aug 14, 2022.
             Was a High Priest of Okawaru.
             Killed by a resonance strike
             ... invoked by a ragged hierophant
              (16 damage)
             ... in the Desolation of Salt.
             The game lasted 00:50:06 (8655 turns).

27heaven the Bludgeoner (Meteoran Fighter)          Turns: 8655, Time: 00:50:07

HP:   -8/222 (232)  AC: 28    Str: 26    XL:     16   Next: 15%
MP:   17/17         EV:  2    Int: 16    God:    Okawaru [*****.]
Gold: 428           SH:  0    Dex: 12    Spells: 15/15 levels left

rFire   . . .      SeeInvis .   M - +9 great mace "Kunana Ubak" {vorpal, rF+ rC+ Int+6 Dex-2}
rCold   + . .      Faith    .   (shield currently unavailable)
rNeg    . . .      Spirit   .   (body armour currently unavailable)
rPois   +          Reflect  .   (helmet currently unavailable)
rElec   .          Harm     .   (cloak currently unavailable)
rCorr   .          Rampage  .   (gloves currently unavailable)
Will    ++...      Clarity  +   (boots currently unavailable)
Stlth   +......... NoTele   +   u - amulet of regeneration
HPRegen 1.27/turn               S - +4 ring of evasion
MPRegen 0.15/turn               C - +4 ring of slaying

@: tree-form, finesse-ful, glowing, lightly drained, fire susceptible
A: stationary, stasis, torment immunity, boosted hp, sense surroundings 2,
otherworldly, glowing, explore regen, clarity, (fire resistance 1), robust 1
a: Renounce Religion, Heroism, Finesse, Duel


You were in the Desolation of Salt.
You worshipped Okawaru.
Okawaru was extremely pleased with you.
You were a tree.
You visited 4 branches of the dungeon, and saw 17 of its levels.
You also visited: Ossuary, Volcano and Desolation.

You collected 2185 gold pieces.
You spent 1757 gold pieces at shops.

Inventory:

Hand Weapons
 a - a +9 flail
 M - the +9 great mace "Kunana Ubak" (weapon) {vorpal, rF+ rC+ Int+6 Dex-2}
   (You found it on level 4 of the Lair of Beasts)

   It inflicts extra damage upon your enemies.
   Int:       It affects your intelligence (+6).
   Dex:       It affects your dexterity (-2).
   rF:        It protects you from fire.
   rC:        It protects you from cold.
 T - a +9 mace of freezing
Armour
 b - a +0 ring mail
 d - a +0 chain mail
 h - a +0 pair of boots (melded)
 k - a +0 pair of gloves
 m - a +0 helmet
 p - the +7 chain mail "Ocan" (melded) {Harm Regen+}
   (You found it on level 4 of the Dungeon)

   Regen:     It increases your rate of health regeneration.
   Harm:      It increases damage dealt and taken.
 t - a +2 cloak
 x - an orb of energy
 y - a +0 kite shield
 B - the +0 cloak of the Lily (melded) {Drain Str+4}
   (You found it on level 7 of the Dungeon)

   Str:       It affects your strength (+4).
   Drain:     It drains your maximum health when unequipped.
 D - a +2 hat of stealth
 F - a +0 crystal plate armour
 G - a +1 ring mail of cold resistance
 K - a +1 cloak of fire resistance
 Q - the +0 mask of the Dragon (melded) {Will+ Slay+3 SInv}
   (You bought it in a shop on level 2 of the Orcish Mines)

   Slay:      It affects your accuracy & damage with ranged weapons and melee
   (+3).
   SInv:      It lets you see invisible.
   Will:      It increases your willpower.
 U - a +1 pair of gloves (melded)
Jewellery
 c - a ring of fire
 g - a +4 ring of evasion
 r - an amulet of magic regeneration
 s - a ring of resist corrosion
 u - an amulet of regeneration (around neck)
 A - a +6 ring of dexterity
 C - a +4 ring of slaying (right branch)
 H - a ring of protection from cold
 S - a +4 ring of evasion (left branch)
Wands
 i - a wand of paralysis (19)
 w - a wand of mindburst (14)
 J - a wand of flame (3)
 R - a wand of iceblast (3)
Scrolls
 f - 11 scrolls of fog
 o - 12 scrolls of enchant weapon
Potions
 e - a potion of magic
 l - a potion of heal wounds
 n - a potion of attraction
 q - 5 potions of curing
 v - 4 potions of might
 z - a potion of degeneration
 E - a potion of haste
 L - a potion of invisibility
 P - 2 potions of mutation
Miscellaneous
 N - a phial of floods
 O - a tin of tremorstones (2/2)


   Skills:
 * Level 12.6 Fighting
 - Level 20.0 Maces & Flails
 + Level 12.2 Armour
 + Level 11.7 Dodging
 + Level 12.2 Shields
 - Level 10.0 Evocations


You had 15 spell levels left.
You didn't know any spells.
Your spell library contained the following spells:

 Spells                   Type           Power      Damage    Failure   Level
 Slow                     Hex            0%         N/A       26%         1
 Sublimation of Blood     Necr           0%         N/A       36%         2
 Wereblood                Tmut           0%         N/A       36%         2
 Confusing Touch          Hex            0%         N/A       58%         3
 Conjure Flame            Conj/Fire      0%         6-21      58%         3
 Ignite Poison            Fire/Tmut/Pois 0%         N/A       58%         3
 Vampiric Draining        Necr           0%         2d6       58%         3
 Sticky Flame             Conj/Fire      0%         2d3       94%         4
 Summon Hydra             Summ           Unusable   N/A       N/A         7

Dungeon Overview and Level Annotations

Branches:
Dungeon (9/15) Zot: 923    Temple (0/1) D:5            Lair (5/5) D:8 Zot: 572
 Spider (0/4) Lair:3        Slime (0/5) Lair:5          Orc (2/2) D:9 Zot: 338
    Elf (1/3) Orc:2 Zot: 404 Ossuary (visited)         Volcano (visited)
Desolation (1/1) Zot: 525
  Swamp: Lair:2-3    Shoals: Lair:2-3

Altars:
Dithmenos
Hepliaklqana
Okawaru
Ru
Ignis

Shops:
Orc:1 =*   Orc:2 [[*

Annotations:
D:3 1 runed translucent door


Innate Abilities, Weirdness & Mutations

You are a tree.
Your roots penetrate the ground, keeping you stationary.
You cannot be teleported.
You are immune to unholy pain and torment.
Your maximum health is greatly increased.
Your equipment is partially melded.
You passively map the area around you.
You are easily found by Zot.
You glow in the dark.
You regain HP and MP as you explore.
You possess an exceptional clarity of mind.
((Your flesh is heat resistant. (rF+)))
You are robust. (+10% HP)


Message History

* * * LOW HITPOINT WARNING * * *
The saltling hits you.
* * * LOW HITPOINT WARNING * * *
Unknown command.
You bludgeon the servant of whispers!!
The air resumes its normal movements.
You kill the servant of whispers!
Okawaru accepts your kill.
The ragged hierophant mumbles some strange words.
The ragged hierophant begins to accept its allies' injuries.
Unknown command.
You hit the saltling but do no damage.
The saltling hits you but does no damage.
You nearly hit yourself!
You feel like a meek peon again.
The saltling hits you but does no damage.
The saltling completely misses you. The saltling hits you.
* * * LOW HITPOINT WARNING * * *
The halazid warlock touches you but does no damage.
The ragged hierophant casts a spell at you.
A blast of power from the earth and the saltlings strikes you!
* * * LOW HITPOINT WARNING * * *
The saltling hits you!
* * * LOW HITPOINT WARNING * * *
The saltling hits you.
* * * LOW HITPOINT WARNING * * *
Unknown command.
You thump the halazid warlock!
The halazid warlock is heavily damaged.
The saltling hits you but does no damage.
Unknown command.
You feel better.
You feel less invigorated.
The saltling hits you but does no damage.
The halazid warlock touches you.
* * * LOW HITPOINT WARNING * * *
You writhe in agony!
* * * LOW HITPOINT WARNING * * *
The saltling hits you but does no damage.
The ragged hierophant points at you and mumbles some strange words.
A blast of power from the earth and the saltlings strikes you!
You die...

,, ################# , ,
,,################## , ,
################## , ,
##################, , , ,
################## , ,
.....a9♣L9............ , ,
, .....9a999.............
....a9999a......#...... ,
, ,
....9§§§§§......#....... ,
,
,,...S..§§§§...........#..
, ,
.....................#.. ,
..9............L........ ,
,........................
, , ,...........9.......


You could see 2 ragged hierophants, 2 servants of whispers, a halazid warlock
(sheltered), a crystal guardian (sheltered) and 9 saltlings.

Vanquished Creatures
  Gastronok (Orc:1)
  Donald (Orc:2)
  An azure jelly (Lair:5)
  Nessos (Orc:2)
  Snorg (Orc:2)
  A servant of whispers (Desolation)
  2 ragged hierophants
  4 peacekeepers (Desolation)
  A boulder beetle (Lair:5)
  6 hydras
  3 catoblepae (Lair:5)
  A centaur warrior (Volcano)
  A dancing weapon (Elf:1)
  2 two-headed ogres
  4 orc high priests
  6 death yaks (Lair:5)
  A deep elf knight (Elf:1)
  A hell knight (Volcano)
  A deep elf archer (Elf:1)
  4 orc knights (Orc:2)
  A deep elf zephyrmancer (Elf:1)
  8 deep elf pyromancers (Elf:1)
  An ironbound convoker (Desolation)
  A cyclops (Orc:2)
  7 orc sorcerers
  2 manticores (Lair:5)
  7 elephants
  6 cane toads
  The ghost of dunno567 the Thaumaturge, a novice DECj (D:6)
  A guardian serpent (Desolation)
  3 black mambas
  A kobold demonologist (D:6)
  A yaktaur (Volcano)
  3 rime drakes
  7 komodo dragons
  A troll (D:8)
  A polar bear (Lair:1)
  A hornet (D:8)
  3 blink frogs (Lair:5)
  13 saltlings
  Sigmund (D:4)
  A jumping spider (Lair:3)
  3 shadows
  A vampire (D:6)
  2 air elementals (Elf:1)
  2 centaur simulacra (D:7)
  3 wyverns
  3 fire elementals
  A wraith (D:6)
  52 yaks
  A basilisk (Lair:1)
  A redback (Lair:3)
  A steam dragon (D:7)
  4 wargs (Orc:2)
  An acid dragon (D:8)
  11 water moccasins
  21 orc warriors
  7 ice beasts
  A sky beast (D:4)
  5 ogres
  15 wolves (Lair:1)
  13 centaurs
  A phantom (D:9)
  7 bullfrogs
  A kobold brigand (D:7)
  An earth elemental (Elf:1)
  3 gnoll sergeants
  5 necrophages
  2 scorpions
  9 wights
  The ghost of Viceroy the Slasher, a weakling BaFi (D:3)
  3 killer bees (D:9)
  4 howler monkeys
  5 electric eels (Lair:1)
  A centaur zombie (Ossuary)
  4 hounds (D:6)
  16 orc priests
  A gnoll bouda (D:6)
  2 human zombies (Ossuary)
  2 jellies
  9 iguanas
  Jessica (D:2)
  7 hell rats (Lair:4)
  14 orc wizards
  6 ogre zombies (D:9)
  3 mummies (Ossuary)
  13 gnolls
  A river rat (D:3)
  13 adders
  2 white imps
  An ufetubus (D:5)
  4 dart slugs
  53 orcs
  8 ball pythons
  4 bats
  7 endoplasms
  5 giant cockroaches
  5 goblins
  7 hobgoblins
  8 kobolds
  5 quokkas
  4 frilled lizards
  A gnoll zombie (Ossuary)
  2 goblin zombies (D:9)
  A hobgoblin skeleton (D:9)
  2 hobgoblin zombies (D:9)
  2 kobold zombies (Ossuary)
  An orc skeleton (D:9)
  15 orc zombies
  6 rats
540 creatures vanquished.

Vanquished Creatures (others)
  45 foxfires
  7 fungi
  33 plants
85 creatures vanquished.

Grand Total: 625 creatures vanquished

Notes
Turn   | Place    | Note
-------+----------+-------------------------------------------
     0 | D:1      | 27heaven the Meteoran Fighter began the quest for the Orb.
     0 | D:1      | Reached XP level 1. HP: 19/19 MP: 2/2
    50 | D:1      | Reached skill level 3 in Maces & Flails
    71 | D:1      | Reached XP level 2. HP: 26/26 MP: 3/3
   193 | D:1      | Reached skill level 4 in Maces & Flails
   201 | D:1      | Reached XP level 3. HP: 24/31 MP: 4/4
   492 | D:1      | Glimpsed the power of Zot.
   508 | D:2      | Reached skill level 5 in Maces & Flails
   544 | D:2      | Reached XP level 4. HP: 35/38 MP: 5/5
   552 | D:2      | Noticed Jessica
   563 | D:2      | Killed Jessica
   637 | D:2      | Found a faded altar of an unknown god.
   647 | D:2      | Reached skill level 6 in Maces & Flails
   647 | D:2      | Reached XP level 5. HP: 36/45 MP: 6/6
   655 | D:2      | Prayed at the altar of an unknown god.
   655 | D:2      | Became a worshipper of Ignis, the Dying Flame
   807 | D:3      | Found a runed translucent door.
   811 | D:3      | Noticed Viceroy's ghost (weakling BaFi)
   828 | D:3      | Killed Viceroy's ghost
   829 | D:3      | Reached skill level 7 in Maces & Flails
   839 | D:3      | Reached XP level 6. HP: 29/51 MP: 7/7
   951 | D:3      | Found a runed translucent door.
  1197 | D:3      | Reached skill level 8 in Maces & Flails
  1231 | D:4      | Found a sand-covered staircase.
  1243 | Ossuary  | Entered an ossuary
  1296 | Ossuary  | Reached XP level 7. HP: 57/57 MP: 8/8
  1389 | Ossuary  | Reached skill level 9 in Maces & Flails
  1518 | D:4      | Identified the +7 chain mail "Ocan" {Harm Regen+}
  1569 | D:4      | Noticed Sigmund
  1584 | D:4      | Killed Sigmund
  1585 | D:4      | Reached skill level 10 in Maces & Flails
  1585 | D:4      | Reached XP level 8. HP: 38/63 MP: 9/9
  1731 | D:4      | Reached skill level 11 in Maces & Flails
  1786 | D:5      | Entered Level 5 of the Dungeon
  1878 | D:5      | Reached skill level 12 in Maces & Flails
  1885 | D:5      | Found a staircase to the Ecumenical Temple.
  2141 | D:5      | Reached skill level 13 in Maces & Flails
  2141 | D:5      | Gained mutation: You passively map the area around you.
                  | [Meteoran growth]
  2141 | D:5      | Reached XP level 9. HP: 60/70 MP: 10/10
  2396 | D:6      | Found a runed translucent door.
  2397 | D:6      | Noticed dunno567's ghost (novice DECj)
  2415 | D:6      | Killed dunno567's ghost
  2416 | D:6      | Reached skill level 14 in Maces & Flails
  2416 | D:6      | Reached skill level 1 in Dodging
  2434 | D:6      | Found an iron altar of Okawaru.
  2471 | D:6      | Identified the +1 robe "Qiroghul" {rPois rC++ Will+ Stlth-}
  2478 | D:6      | Reached skill level 5 in Shields
  2480 | D:6      | Reached skill level 5 in Armour
  2490 | D:6      | Reached XP level 10. HP: 80/80 MP: 11/11
  2759 | D:7      | Gained mutation: Armour fits poorly on your strangely
                  | shaped body. [potion of mutation]
  2759 | D:7      | Gained mutation: You are somewhat resistant to further
                  | mutation. [potion of mutation]
  2760 | D:7      | Lost mutation: You are somewhat resistant to further
                  | mutation. [potion of mutation]
  2760 | D:7      | Lost mutation: Armour fits poorly on your strangely shaped
                  | body. [potion of mutation]
  2760 | D:7      | Gained mutation: You possess an exceptional clarity of
                  | mind. [potion of mutation]
  2760 | D:7      | Gained mutation: Your flesh is heat resistant. (rF+)
                  | [potion of mutation]
  2760 | D:7      | Gained mutation: You are robust. (+10% HP) [potion of
                  | mutation]
  2814 | D:7      | Reached skill level 5 in Fighting
  2847 | D:7      | Reached skill level 1 in Evocations
  2894 | D:7      | Reached skill level 5 in Dodging
  2983 | D:6      | Noticed a kobold demonologist
  2987 | D:6      | Killed a kobold demonologist
  3006 | D:6      | Noticed a five-headed hydra
  3026 | D:6      | Killed a five-headed hydra
  3027 | D:6      | Reached XP level 11. HP: 89/100 MP: 12/12
  3253 | D:7      | Found a transporter.
  3396 | D:7      | Found a transporter.
  3402 | D:7      | Identified the +0 cloak of the Lily {Drain Str+4}
  3435 | D:7      | Reached skill level 5 in Evocations
  3813 | D:8      | Found a staircase to the Lair.
  3844 | Lair:1   | Entered Level 1 of the Lair of Beasts
  3949 | Lair:1   | Noticed an elephant
  3949 | Lair:1   | Noticed an elephant
  3949 | Lair:1   | Noticed an elephant
  3949 | Lair:1   | Noticed an elephant
  3955 | Lair:1   | Killed an elephant
  3962 | Lair:1   | Killed an elephant
  3968 | Lair:1   | Killed an elephant
  3969 | Lair:1   | Reached XP level 12. HP: 90/111 MP: 13/13
  4878 | Lair:3   | Found a hole to the Spider Nest.
  5027 | Lair:3   | Noticed a seven-headed hydra
  5027 | Lair:3   | Noticed a five-headed hydra
  5048 | Lair:3   | Killed a seven-headed hydra
  5054 | Lair:3   | Killed a five-headed hydra
  5055 | Lair:3   | Reached skill level 10 in Armour
  5055 | Lair:3   | Reached skill level 10 in Shields
  5055 | Lair:3   | Reached XP level 13. HP: 64/122 MP: 14/14
  5063 | Lair:3   | Found a dark tunnel.
  5073 | Volcano  | Entered a volcano
  5089 | Volcano  | Noticed a centaur warrior
  5093 | Volcano  | Found a burning altar of Makhleb.
  5100 | Volcano  | Killed a centaur warrior
  5292 | Lair:3   | Noticed a five-headed hydra
  5297 | Lair:3   | Killed a five-headed hydra
  5464 | Lair:4   | Noticed a six-headed hydra
  5474 | Lair:4   | Killed a six-headed hydra
  5513 | Lair:4   | Identified the +9 great mace "Kunana Ubak" {vorpal, rF+ rC+
                  | Int+6 Dex-2}
  5644 | Lair:5   | Entered Level 5 of the Lair of Beasts
  5880 | Lair:4   | Reached skill level 10 in Evocations
  5887 | Lair:4   | Reached skill level 15 in Maces & Flails
  5916 | Lair:5   | Noticed a boulder beetle
  5924 | Lair:5   | Killed a boulder beetle
  5980 | Lair:5   | Noticed a four-headed hydra
  5989 | Lair:5   | Killed a four-headed hydra
  6049 | Lair:5   | Reached skill level 16 in Maces & Flails
  6070 | Lair:5   | Found a runed translucent door.
  6070 | Lair:5   | Noticed an azure jelly
  6071 | Lair:5   | Found a staircase to the Slime Pits.
  6078 | Lair:5   | Killed an azure jelly
  6079 | Lair:5   | Reached XP level 14. HP: 70/130 MP: 15/15
  6138 | Lair:5   | Reached skill level 17 in Maces & Flails
  6249 | Lair:5   | Reached skill level 18 in Maces & Flails
  6342 | Lair:5   | Reached skill level 19 in Maces & Flails
  6543 | D:8      | Found a sacrificial altar of Ru.
  6898 | D:9      | Found a hazy altar of Hepliaklqana.
  6900 | D:9      | Found a shadowy altar of Dithmenos.
  6985 | D:9      | Found a staircase to the Orcish Mines.
  6990 | D:9      | Reached skill level 20 in Maces & Flails
  7147 | D:6      | Fell from the grace of Ignis
  7147 | D:6      | Became a worshipper of Warmaster Okawaru
  7289 | D:9      | Identified the +7 falchion of the Evil Eye {vorpal, Fragile
                  | rCorr Int+4}
  7456 | Orc:1    | Entered Level 1 of the Orcish Mines
  7470 | Orc:1    | Reached skill level 10 in Dodging
  7501 | Orc:1    | Found Bamid's Jewellery Shop.
  7511 | Orc:1    | Reached skill level 10 in Fighting
  7588 | Orc:2    | Entered Level 2 of the Orcish Mines
  7652 | Orc:2    | Noticed Nessos
  7661 | Orc:2    | Killed Nessos
  7666 | Orc:2    | Reached XP level 15. HP: 83/138 MP: 16/16
  7671 | Orc:2    | Found a staircase to the Elven Halls.
  7689 | Orc:2    | Noticed Snorg
  7691 | Orc:2    | Reached * piety under Okawaru
  7699 | Orc:2    | Killed Snorg
  7971 | Orc:1    | Found Hahizemeips's Gadget Gallery.
  7974 | Orc:1    | Noticed Gastronok
  7980 | Orc:1    | Killed Gastronok
  7999 | Orc:1    | Bought a potion of haste for 150 gold pieces
  8057 | Orc:2    | Noticed Donald
  8065 | Orc:2    | Killed Donald
  8065 | Orc:2    | Reached ** piety under Okawaru
  8121 | Orc:2    | Paralysed by an orc sorcerer for 4 turns
  8176 | Orc:2    | Found Faosch's Assorted Antiques.
  8192 | Orc:2    | Paralysed by an orc sorcerer for 4 turns
  8204 | Orc:2    | Reached *** piety under Okawaru
  8211 | Orc:2    | Found Noihac's Jewellery Emporium.
  8216 | Orc:2    | Bought a potion of mutation for 176 gold pieces
  8229 | Orc:2    | Received a gift from Okawaru
  8245 | Orc:2    | Found Ipnoobos's Armour Emporium.
  8247 | Orc:2    | Found Veket's Antique Armour Boutique.
  8255 | Orc:2    | Bought the +0 mask of the Dragon {Will+ Slay+3 SInv} for
                  | 1169 gold pieces
  8255 | Orc:2    | Found the +0 mask of the Dragon {Will+ Slay+3 SInv}
  8255 | Orc:2    | Bought a pair of glowing gloves for 262 gold pieces
  8353 | Elf:1    | Entered Level 1 of the Elven Halls
  8382 | Elf:1    | Reached **** piety under Okawaru
  8389 | Elf:1    | Paralysed by an air elemental for 1 turns
  8533 | Elf:1    | Reached ***** piety under Okawaru
  8547 | Elf:1    | Found a crumbling gateway.
  8549 | Elf:1    | Paralysed by an air elemental for 1 turns
  8566 | Desolati | Entered the Desolation of Salt
  8583 | Desolati | Received a gift from Okawaru
  8589 | Desolati | Reached XP level 16. HP: 102/152 MP: 17/17
  8613 | Desolati | Identified the +2 robe of Hedge Wizardry {rPois rC-
                  | Will+++} (Okawaru gifted it to you in the Desolation of
                  | Salt)
  8613 | Desolati | Received a gift from Okawaru
  8655 | Desolati | HP: 8/222 [halazid warlock (14)]
  8655 | Desolati | Killed from afar by a ragged hierophant

Illustrated notes

Levels and vault maps discovered:
D:1:      dpeg_arrival_rooms_a, layout_rooms
D:2:      layout_basic, nicolae_ecumenical_snake_handling,
          kennysheep_jessica_study
D:3:      layout_basic, overflow_temple_1_default, ebering_ghost_sewer_f,
          minmay_misc_feat_tower
D:4:      layout_cave_pools, serial_forest, infiniplex_forest_straight_2,
          infiniplex_forest_corner_2, infiniplex_forest_diagonal,
          infiniplex_forest_end_2, infiniplex_forest_straight_1,
          infiniplex_forest_lined_2, infiniplex_forest_clump_double,
          infiniplex_forest_corner_2, lightli_ossuary_entry_decrepit_ruins,
          uniq_sigmund
D:5:      layout_basic, minmay_temple_entry_hall, chequers_serial_rivers_micro_e
D:6:      minmay_klotski, layout_rooms, mainiacjoe_overflow_six_doors_small,
          gammafunk_ghost_grave, minmay_alternating_orb, uniq_crazy_yiuf_cottage
D:7:      gammafunk_cloud_chamber, layout_loops_ring
D:8:      layout_loops_ring, mainiacjoe_overflow_tiny_flanked, lair_entry_dummy,
          pf_guarded_unrand_meek
D:9:      layout_gridville, riverfiend_overflow_shadow_ancestor,
          zombieorc1_lemuel, st_stairs_1
Lair:1:   layout_cave_pods, serial_bayou, serial_bayou_lagoon_b,
          serial_bayou_pond_e, serial_bayou_pond_b, serial_bayou_pond_b,
          beast_lair_carwin_3, serial_bayou_shore_a, grunt_megastairs_2
Lair:2:   layout_cellular_growth, uniq_maggie
Lair:3:   layout_chaotic_city, swamp_mist_pool, spider_nest_entry_a,
          nicolae_volcano_entry_hallway
Lair:4:   layout_big_grid, lemuel_fruit_tree, grunt_megastairs_4,
          serial_bayou_shore_b
Lair:5:   evilmike_catoblepas_cave, layout_loops_ring, slime_entry_2,
          grunt_megastairs_3, infiniplex_staircase_pool_2
Orc:1:    layout_caves, serial_shops, nicolae_shop_crystal, basic_altar,
          nicolae_shop_gadgets, uniq_gastronok
Orc:2:    st_orc_elflike, layout_diamond_mine, nooodl_orcs_dogs, uniq_donald,
          uniq_snorg, uniq_nessos
Elf:1:    nicolae_elf_arrival_fired_up, layout_rooms,
          portal_desolation_entry_nicolae_nacl, minmay_elf_necromancy
Desolation

Skill      XL: |  1  2  3  4  5  6  7  8  9 10 11 12 13 14 15 |
---------------+----------------------------------------------+-----
Maces & Flails | 3 4 5 6 7 8 10 13 14 16 20 | 20.0
Armour         | 5 7 8 10 12 | 12.2
Dodging        | 3 5 7 9 10 11 | 11.7
Shields        | 5 7 8 10 12 | 12.2
Fighting       | 4 6 7 9 10 12 | 12.6
Evocations     | 4 6 8 10 | 10.0

Action                   |  1- 3 |  4- 6 |  7- 9 | 10-12 | 13-15 | 16-18 || total
-------------------------+-------+-------+-------+-------+-------+-------++-------
Melee: Flail             |    47 |   142 |   168 |   429 |    69 |       ||   855
       Punch             |       |     4 |     4 |       |       |       ||     8
       Great mace        |       |       |       |       |   559 |    30 ||   589
       Spear             |       |       |       |       |     3 |       ||     3
Invok: Fiery Armour      |       |       |       |     2 |     2 |       ||     4
       Foxfire Swarm     |       |       |       |     3 |       |       ||     3
       Heroism           |       |       |       |       |     2 |     1 ||     3
       Finesse           |       |       |       |       |       |     1 ||     1
Evoke: Wand              |       |       |       |       |     3 |       ||     3
       Phial of floods   |       |       |       |       |     1 |       ||     1
  Use: Scroll            |     3 |     3 |     4 |     2 |     8 |     1 ||    21
       Potion            |       |       |       |     4 |     7 |     5 ||    16
Armor: Ring mail         |    32 |    28 |       |       |       |       ||    60
       Chain mail        |       |    88 |    97 |   233 |   335 |    15 ||   768
       Skin              |       |       |       |     2 |     3 |    32 ||    37
Dodge: Dodged            |    29 |    60 |    38 |   149 |   466 |    37 ||   779
Block: Kite shield       |       |       |       |   209 |    45 |       ||   254

Table legend: (Time is in decaauts)
 A = Elapsed time spent in this place.
 B = Non-inter-level travel time spent in this place.
 C = Inter-level travel time spent in this place.
 D = Time resting spent in this place.
 E = Time spent auto-exploring this place.
 F = Levels seen in this place.
 G = Mean time per level.
                   A        B        C        D        E       F      G
               +--------+--------+--------+--------+--------+-----+--------+
         Total |   8468 |   7944 |    524 |     74 |    458 |  20 |  423.4 |
       Dungeon |   4476 |   4134 |    342 |      0 |    372 |   9 |  497.3 |
          Lair |   2427 |   2299 |    128 |     29 |     48 |   5 |  485.4 |
  Orcish Mines |    861 |    808 |     53 |      0 |      0 |   2 |  430.5 |
   Elven Halls |    195 |    195 |      0 |      0 |      0 |   1 |  195.0 |
       Ossuary |    230 |    230 |      0 |      0 |     38 |   1 |  230.0 |
       Volcano |    203 |    203 |      0 |     45 |      0 |   1 |  203.0 |
    Desolation |     73 |     73 |      0 |      0 |      0 |   1 |   73.0 |
               +--------+--------+--------+--------+--------+-----+--------+

Top non-repeatable levels by time:
     D:7: 758 daAuts
     D:6: 647 daAuts
  Lair:1: 623 daAuts
   Orc:2: 603 daAuts
  Lair:5: 585 daAuts
     D:9: 532 daAuts
     D:1: 507 daAuts
     D:5: 503 daAuts
     D:8: 467 daAuts
  Lair:2: 456 daAuts
     D:3: 453 daAuts
  Lair:4: 414 daAuts
  Lair:3: 347 daAuts
     D:4: 318 daAuts
     D:2: 288 daAuts
